 Dungeon Crawl Stone Soup version 0.28-a0-519-gbfeecf2fc5 (webtiles) character file.

Game seed: 2170691330280141894

247 fiend the Changer (level 5, -4/38 HPs)
             Began as a Vampire Transmuter on Sept 24, 2021.
             Slain by a hornet zombie (11 damage)
             ... on level 3 of the Dungeon.
             The game lasted 00:07:31 (2232 turns).

fiend the Changer (Vampire Transmuter)              Turns: 2232, Time: 00:07:31

Health: -4/38      AC:  2    Str: 10    XL:     5   Next: 85%
Magic:  5/8        EV: 19    Int: 16    God:
Gold:   67         SH:  0    Dex: 19    Spells: 2/8 levels left

rFire   . . .      SeeInvis +     - Unarmed
rCold   . . .      Faith    .   (shield currently unavailable)
rNeg    . . .      Spirit   .   (armour currently unavailable)
rPois   x          Reflect  .   (helmet currently unavailable)
rElec   .          Harm     .   (cloak currently unavailable)
rCorr   .          Rampage  .   (gloves currently unavailable)
Will    .....                   (boots currently unavailable)
Stlth   +++.......              (no amulet)
HPRegen 0.32/turn               (no ring)
MPRegen 0.11/turn               (no ring)

@: spider-form, healing quickly
A: venomous fangs, alive, tiny, (fangs 3), see invisible, vampiric 2
a: Exsanguinate, End Transformation


You were on level 3 of the Dungeon.
You were a venomous arachnid creature.
You visited 1 branch of the dungeon, and saw 3 of its levels.

You collected 67 gold pieces.

Inventory:

Hand Weapons
 b - a +2 dagger of venom (melded)
Armour
 a - a +0 robe (melded)
 d - a +0 helmet (melded)
Scrolls
 c - a scroll of noise {unknown}
 e - a scroll of teleportation {unknown}
 g - a scroll of summoning {unknown}
Potions
 l - a potion of heal wounds


   Skills:
 - Level 2.0 Fighting
 - Level 2.1 Dodging
 + Level 3.9 Stealth
 - Level 4.0 Unarmed Combat
 - Level 2.0 Spellcasting
 - Level 5.0 Transmutations
 - Level 1.0 Poison Magic


You had 2 spell levels left.
You knew the following spells:

 Your Spells              Type           Power      Damage    Failure   Level
a - Beastly Appendage     Tmut           34%        N/A       10%         1
b - Wereblood             Tmut           17%        N/A       13%         2
c - Spider Form           Tmut/Pois      5%         N/A       38%         3

Your spell library contained the following spells:

 Spells                   Type           Power      Damage    Failure   Level
 Blink                    Tloc           N/A        N/A       52%         2
 Sublimation of Blood     Necr           0%         N/A       52%         2
 Ice Form                 Ice/Tmut       9%         N/A       78%         4
 Petrify                  Tmut/Erth      9%         N/A       78%         4
 Irradiate                Conj/Tmut      4%         3d14      97%         5
 Manifold Assault         Tloc           1%         N/A       100%        5
 Storm Form               Tmut/Air       4%         N/A       100%        7


Dungeon Overview and Level Annotations

Branches:
Dungeon (3/15)

Altars:

Shops:
D:1 ?


Innate Abilities, Weirdness & Mutations

You are a venomous arachnid creature.
You have poisonous fangs.
You are tiny and dextrous.
Your spellcasting is less reliable in this form.
Your armour is entirely melded.
You are incapable of wielding weapons or throwing items.
Your natural rate of healing is accelerated.
((You have razor-sharp teeth.))
You have supernaturally acute eyesight. (SInv)
You are afflicted with vampirism and can become a bat while bloodless.


Message History

You close the door.
A kobold opens the door.
You barely miss the kobold. The kobold completely misses you.
You closely miss the kobold. The kobold closely misses you.
You hit the kobold.
The kobold is poisoned.
The kobold hits you with a +0 dagger.
You take 1 damage, and have 37/38 hp.
You open the door.
You kill the kobold!
The hornet zombie misses you.
Health restored: 38 An adder comes into view.
There is an open door here.
Unknown command.
You turn into a venomous arachnid creature.
Your +2 dagger of venom melds into your body.
Your +0 helmet melds into your body.
Your +0 robe melds into your body.
Your +2 dagger of venom stops dripping with poison.
The hornet zombie hits you.
You take 5 damage, and have 33/38 hp.
You now have 5/8 mp.
You barely miss the hornet zombie. The hornet zombie misses you.
You hit the hornet zombie but do no damage.
The hornet zombie hits you! The hornet zombie closely misses you.
You take 11 damage, and have 23/38 hp.
MASSIVE DAMAGE!!
You barely miss the hornet zombie. The hornet zombie misses you.
You hit the hornet zombie but do no damage.
The adder hisses angrily.
The hornet zombie misses you.
Unknown command.
You hit the hornet zombie but do no damage.
The hornet zombie hits you!
A rat comes into view.
You take 8 damage, and have 15/38 hp.
MASSIVE DAMAGE!!
As you read the scroll labelled FIYTHA HAUXEPP, it crumbles to dust.
The creatures around you are filled with an inner flame!
It was a scroll of immolation.
The hornet zombie hits you!
* * * LOW HITPOINT WARNING * * *
The hornet zombie hits you!
You die...

##### #.# #..r...# #...# #.#
#. #......# #...# #.# #.
#......# #...# #.# ....
#.####......# #...# #.# ....
#.!..#...S..# #..)# #.#
...##....#......###...#### #.#
#..#....#......##....†..# #.#
#.#.ZK.# #s# #....##.###.#
###......# #Z# #....##...#.#
#........####)####'#######.#.#
#....>..............### #...#
#.....................## #####
#.........................
#.....##..................
#.....##............#.....
#.....##............#.....


You could see an adder (inner flame), a hornet zombie (inner flame) and a rat
(wandering, inner flame).

Vanquished Creatures
  A hornet zombie (D:3)
  A bullfrog (D:3)
  4 adders
  A dart slug (D:1)
  9 bats
  5 endoplasms
  5 giant cockroaches
  4 hobgoblins (D:1)
  3 jackals (D:2)
  4 quokkas
  3 ball pythons
  A frilled lizard (D:1)
  2 goblins (D:1)
  7 kobolds
  8 rats
58 creatures vanquished.

Notes
Turn   | Place    | Note
-------+----------+-------------------------------------------
     0 | D:1      | fiend the Vampire Transmuter began the quest for the Orb.
     0 | D:1      | Reached XP level 1. HP: 14/14 MP: 3/3
    21 | D:1      | Reached skill level 1 in Fighting
    36 | D:1      | Found Guiwas's Magic Scroll Shoppe.
   202 | D:1      | Reached skill level 3 in Transmutations
   293 | D:1      | Reached XP level 2. HP: 21/21 MP: 3/5
   366 | D:1      | Found a faded altar of an unknown god.
   556 | D:1      | Gained mutation: You are afflicted with vampirism and can
                  | become a bat while bloodless. [Vampire growth]
   556 | D:1      | Reached XP level 3. HP: 24/26 MP: 6/6
   636 | D:1      | Reached skill level 4 in Transmutations
   978 | D:2      | Learned a level 3 spell: Spider Form
  1301 | D:2      | Reached XP level 4. HP: 30/32 MP: 2/7
  1355 | D:2      | Learned a level 2 spell: Wereblood
  1722 | D:3      | Noticed a bullfrog
  1737 | D:3      | Reached skill level 5 in Transmutations
  1747 | D:3      | Killed a bullfrog
  1748 | D:3      | Reached skill level 1 in Poison Magic
  1748 | D:3      | Reached XP level 5. HP: 11/38 MP: 5/8
  2232 | D:3      | Slain by a hornet zombie

Illustrated notes

Levels and vault maps discovered:
D:1:      lightli_arrival_statuegarden, layout_basic,
          dreamdust_ecumenical_altar_grove, serial_shops, shop,
          minmay_box_of_dots
D:2:      layout_loops_ring, chequers_serial_rivers_room_b, minivault_27
D:3:      layout_basic

Skill      XL: |  1  2  3  4  5 |
---------------+----------------+-----
Fighting       | 1 2 |  2.0
Transmutations | 3 4 5 |  5.0
Poison Magic   | 1 |  1.0
Unarmed Combat | 4 |  4.0
Stealth        | 3 |  3.9
Dodging        | |  2.1
Spellcasting   | |  2.0

Action                   |  1- 3 |  4- 6 || total
-------------------------+-------+-------++-------
Melee: Dagger            |   102 |    29 ||   131
       Kick              |    22 |     3 ||    25
       Unarmed           |     6 |    14 ||    20
       Bite              |     4 |       ||     4
       Headbutt          |     9 |     5 ||    14
       Punch             |     3 |     1 ||     4
 Cast: Beastly Appendage |    30 |     7 ||    37
       Spider Form       |     1 |     2 ||     3
 Abil: End Transformatio |       |     1 ||     1
  Use: Scroll            |     1 |     3 ||     4
       Potion            |       |     1 ||     1
 Stab: Sleeping          |     1 |       ||     1
Armor: Robe              |    21 |     4 ||    25
Dodge: Dodged            |    80 |    27 ||   107

Table legend: (Time is in decaauts)
 A = Elapsed time spent in this place.
 B = Non-inter-level travel time spent in this place.
 C = Inter-level travel time spent in this place.
 D = Time resting spent in this place.
 E = Time spent auto-exploring this place.
 F = Levels seen in this place.
 G = Mean time per level.
                   A        B        C        D        E       F      G
               +--------+--------+--------+--------+--------+-----+--------+
         Total |   2240 |   2114 |    126 |    153 |   1442 |   3 |  746.7 |
       Dungeon |   2240 |   2114 |    126 |    153 |   1442 |   3 |  746.7 |
               +--------+--------+--------+--------+--------+-----+--------+

Top non-repeatable levels by time:
     D:2: 910 daAuts
     D:1: 877 daAuts
     D:3: 452 daAuts
